 Dungeon Crawl Stone Soup version 0.30-a0-360-g447f08457e (webtiles) character file.

Game seed: 14816961729370149972

26 porpoise the Trooper (level 3, 0/23 HPs)
             Began as a Gargoyle Fighter on Nov 14, 2022.
             Slain by an orc
             ... wielding a +2 vorpal flail
              (2 damage)
             ... on level 2 of the Dungeon.
             The game lasted 00:03:37 (669 turns).

porpoise the Trooper (Gargoyle Fighter)              Turns: 669, Time: 00:03:37

Health: 0/23       AC: 10    Str: 21    XL:     3   Next: 8%
Magic:  3/3        EV:  9    Int:  8    God:
Gold:   55         SH:  4    Dex:  9    Spells: 2/2 levels left

rFire   . . .      SeeInvis .    a - +0 flail
rCold   . . .      Faith    .    c - +0 buckler
rNeg    + . .      Spirit   .    h - +0 scale mail
rPois   ∞          Reflect  .    (no helmet)
rElec   +          Harm     .    (no cloak)
rCorr   .          Rampage  .    (no gloves)
Will    .....                    (no boots)
Stlth   ..........               (no amulet)
HPRegen 0.23/turn                (no ring)
MPRegen 0.08/turn                (no ring)

@: attractive, flying
A: sickness immunity, AC +3, negative energy resistance 1, electricity
resistance, torment resistance 1, petrification resistance
a: no special abilities


You were on level 2 of the Dungeon.
You visited 1 branch of the dungeon, and saw 2 of its levels.

You collected 55 gold pieces.

Inventory:

Hand Weapons
 a - a +0 flail (weapon)
 b - a +0 sling
Armour
 c - a +0 buckler (worn)
 h - a +0 scale mail (worn)
Jewellery
 f - a ring of flight
Scrolls
 d - a scroll of amnesia {unknown}
 e - 2 scrolls of butterflies {unknown}
 g - a scroll of identify {unknown}
 k - a scroll of magic mapping {unknown}
 m - a scroll of fear {unknown}
Potions
 j - a potion of attraction
 l - a potion of magic {unknown}


   Skills:
 + Level 3.6 Fighting
 * Level 2.8 Maces & Flails
 - Level 3.2 Armour
 + Level 3.6 Shields


You had 2 spell levels left.
You didn't know any spells.
Your spell library contained the following spells:

 Spells                   Type           Power      Damage    Failure   Level
 Gell's Gravitas          Tloc           0%         N/A       99%         3
 Lesser Beckoning         Tloc           0%         N/A       99%         3
 Teleport Other           Tloc           0%         N/A       99%         3


Dungeon Overview and Level Annotations

Branches:
Dungeon (2/15)

Altars:


Innate Abilities, Weirdness & Mutations

You are immune to sickness and miasma.
Your stone body is resilient. (AC +3)
You are immune to poison.
You resist negative energy. (rN+)
You are resistant to electric shocks. (rElec)
You are resistant to unholy torment.
You are immune to petrification.


Message History

Unknown command.
Done exploring.
(D) Dungeon
Where to? (? - help)
You see here 5 stones.
There is a stone staircase leading down here.
You climb downwards.
Found a sling and a fuming silvery potion.
Found an escape hatch in the floor.
Found a stone staircase leading down.
There is a stone staircase leading up here.
There are monsters nearby!
You sock the worm!
The worm is severely wounded.
You block the worm's attack.
You hit the worm.
The worm is severely wounded.
You hit the worm but do no damage.
The worm is severely wounded.
The orc barely misses you. You block the worm's attack.
The orc hits you but does no damage.
You hit the worm.
The worm is almost dead.
The worm bites you. You block the orc's attack.
You hit the worm but do no damage.
The worm is severely wounded.
The orc hits you with a +2 vorpal flail.
The worm bites you but does no damage.
You barely miss the worm.
The worm is severely wounded.
The orc hits you with a +2 vorpal flail.
The worm bites you!
* * * LOW HITPOINT WARNING * * *
It was a potion of attraction.
You feel attractive to monsters. The orc closely misses you.
It was a potion of flight.
You feel very buoyant.
You fly up into the air.
The orc hits you with a +2 vorpal flail.
You die...

...#!...##.#
......>.. .##
..#..#.....
...>.....#
..##....#..####
..............#
......)o.......
#@....#
.......w....#
..........###
.#...####.#
..... .# +###
.# #


You could see a worm and an orc.

Vanquished Creatures
  A dart slug (D:1)
  3 endoplasms (D:1)
  A giant cockroach (D:1)
  2 hobgoblins (D:1)
  A quokka (D:1)
  2 ball pythons (D:1)
  A frilled lizard (D:1)
  6 goblins (D:1)
  3 kobolds (D:1)
  3 rats (D:1)
23 creatures vanquished.

Notes
Turn   | Place    | Note
-------+----------+-------------------------------------------
     0 | D:1      | porpoise the Gargoyle Fighter began the quest for the Orb.
     0 | D:1      | Reached XP level 1. HP: 14/14 MP: 1/1
   140 | D:1      | Reached XP level 2. HP: 17/19 MP: 2/2
   476 | D:1      | Reached XP level 3. HP: 21/23 MP: 3/3
   667 | D:2      | HP: 1/23 [worm (7)]
   669 | D:2      | Slain by an orc

Illustrated notes

Levels and vault maps discovered:
D:1:      dpeg_arrival_rooms_a, layout_rooms, minivault_19, minmay_bisected
D:2:      layout_basic, basic_altar, minmay_misc_feat_enclosed

Action                   || total
-------------------------++-------
Melee: Flail             ||    78
 Fire: Sling             ||     1
  Use: Potion            ||     3
Armor: Scale mail        ||    36
Dodge: Dodged            ||    39
Block: Buckler           ||    13

Table legend: (Time is in decaauts)
 A = Elapsed time spent in this place.
 B = Non-inter-level travel time spent in this place.
 C = Inter-level travel time spent in this place.
 D = Time resting spent in this place.
 E = Time spent auto-exploring this place.
 F = Levels seen in this place.
 G = Mean time per level.
                   A        B        C        D        E       F      G
               +--------+--------+--------+--------+--------+-----+--------+
         Total |    692 |    682 |     10 |     68 |    386 |   2 |  346.0 |
       Dungeon |    692 |    682 |     10 |     68 |    386 |   2 |  346.0 |
               +--------+--------+--------+--------+--------+-----+--------+

Top non-repeatable levels by time:
     D:1: 681 daAuts
     D:2: 11 daAuts
